 Dungeon Crawl Stone Soup version 0.29-a0-506-ga2e7fffb44 (webtiles) character file.

Game seed: 17165576187988215449

1151 kyalle the Skirmisher (level 8, -6/74 HPs)
             Began as a Minotaur Fighter on May 29, 2022.
             Was an Initiate of Yredelemnul.
             Killed from afar by Maggie (34 damage)
             ... with a bolt of fire
             ... on level 6 of the Dungeon.
             The game lasted 00:23:47 (6716 turns).

kyalle the Skirmisher (Minotaur Fighter)            Turns: 6716, Time: 00:23:48

Health: -6/74      AC: 10    Str: 24    XL:     8   Next: 15%
Magic:  0/7        EV: 10    Int:  5    God:    Yredelemnul [......]
Gold:   134        SH:  9    Dex:  9    Spells: 7/7 levels left

rFire   . . .      SeeInvis .   m - +1 dagger (venom)
rCold   . . .      Faith    .   j - +0 kite shield
rNeg    . . .      Spirit   +   u - +0 chain mail {rPois}
rPois   +          Reflect  .   (helmet restricted)
rElec   .          Harm     .   (no cloak)
rCorr   .          Rampage  .   (no gloves)
Will    .....                   (no boots)
Stlth   ..........              h - amulet of guardian spirit
HPRegen 0.22/turn               g - ring of flight
MPRegen 0.10/turn               F - +4 ring of evasion

@: flying, mesmerised
A: horns 2, retaliatory headbutt
a: Renounce Religion, Recall Undead Harvest


You were on level 6 of the Dungeon.
You worshipped Yredelemnul.
Yredelemnul was noncommittal.
You visited 2 branches of the dungeon, and saw 7 of its levels.

You collected 274 gold pieces.
You spent 140 gold pieces at shops.

Inventory:

Hand Weapons
 a - a +1 long sword
 f - a +0 short sword of flaming
 m - a +1 dagger of venom (weapon)
 r - a +0 dagger
 D - a +1 dagger of protection
Armour
 b - a +0 scale mail
 c - a +0 buckler
 j - a +0 kite shield (worn)
 o - a +0 plate armour
 u - a +0 chain mail of poison resistance (worn)
Magical Staves
 B - a staff of fire
Jewellery
 g - a ring of flight (left hand)
 h - an amulet of guardian spirit (around neck)
 l - a ring of ice
 q - a ring of resist corrosion
 F - a +4 ring of evasion (right hand)
Wands
 s - a wand of acid (11)
 y - a wand of iceblast (4)
Scrolls
 i - 3 scrolls of immolation
 n - 4 scrolls of identify
 p - a scroll of poison {unknown}
 t - a scroll of teleportation
 v - a scroll of blinking
 w - 2 scrolls of magic mapping {unknown}
 C - a scroll of silence {unknown}
Potions
 d - 2 potions of might
 e - 3 potions of curing
 k - 2 potions of heal wounds
 x - a potion of berserk rage
 z - 2 potions of degeneration
 A - a potion of attraction {unknown}
 E - a potion of flight {unknown}


   Skills:
 * Level 7.6 Fighting
 * Level 4.7(5.5) Short Blades
 - Level 4.6(5.8) Long Blades
 + Level 5.8 Armour
 + Level 5.9 Shields


You had 7 spell levels left.
You didn't know any spells.
Your spell library contained the following spells:

 Spells                   Type           Power      Damage    Failure   Level
 Foxfire                  Conj/Fire      0%         2x1d4     100%        1
 Conjure Flame            Conj/Fire      0%         6-21      100%        3
 Gell's Gravitas          Tloc           0%         N/A       100%        3
 Inner Flame              Hex/Fire       0%         N/A       100%        3
 Teleport Other           Tloc           0%         N/A       100%        3
 Flame Wave               Conj/Fire      0%         2d4       100%        4
 Dispersal                Tloc           0%         N/A       100%        6


Dungeon Overview and Level Annotations

Branches:
Dungeon (6/15)             Temple (1/1) D:5

Altars:
Ashenzari
Cheibriados
Dithmenos
Elyvilon
Fedhas
Gozag
Hepliaklqana
Kikubaaqudgha
Makhleb
Nemelex Xobeh
Okawaru
Qazlal
Ru
Uskayaw
Vehumet
Wu Jian
Xom
Yredelemnul
Zin
The Shining One

Shops:
D:4 !

Annotations:
D:6 Maggie


Innate Abilities, Weirdness & Mutations

You have a pair of horns on your head.
You reflexively headbutt those who attack you in melee.


Message History

You kill the adder!
The dead are slithering!
Maggie the Vainglorious comes into view.
She is wielding a +0 long sword of electrocution and carrying a wand of digging (4).
Maggie shouts!
Maggie gestures at you while chanting.
The bolt of fire hits your adder zombie!
The bolt of fire hits you! Maggie casts a spell at you.
The bolt of fire hits you!!
You hear a zap.
You hear a grinding noise.
You swap places.
You swap places.
You swap places.
You swap places.
Maggie gestures wildly while chanting.
Maggie attempts to bespell you!
You are mesmerised by Maggie!
You cannot move away from Maggie!
You cannot move away from Maggie!
You cannot move away from Maggie!
Maggie smiles, but it's obviously fake.
Maggie hits your orc zombie with a +0 long sword of electrocution!
Lightning courses through your orc zombie!
Your orc zombie is destroyed!
Maggie casts a spell.
Maggie draws you further into her thrall.
Your orc priest zombie hits Maggie but does no damage.
Maggie barely misses your orc priest zombie.
Your orc priest zombie hits Maggie but does no damage.
Maggie drinks a potion.
Maggie's spells are empowered!
Maggie hits your orc priest zombie with a +0 long sword of electrocution!
Lightning courses through your orc priest zombie!
Your orc priest zombie is destroyed!
Maggie hits you with a +0 long sword of electrocution.
You are electrocuted!
You barely miss Maggie. Maggie gestures at you while chanting.
The bolt of fire hits you!!!
You die...
Your body rises from the dead as a mindless zombie.

#. #. ##. #### #.. ...## ..
##Z.## ##.# .## ##Z.## ##..# #.#
..# ##..# #@@## #.# #.# ##Z#
#...# #.# #.# #.# ###.## #.# #.#
### #Z# ##.## #.# #.# # ..###.#
##.###.## ##.### #....Z##
##..#..###..... ##.....#########
##..[......##.
##.............######......#..###
#..##....ZZZZZ.Z.......).#######.


You could see Maggie (mesmerising, empowered).

Vanquished Creatures
  An ogre (D:4)
  2 centaurs (D:5)
  A bullfrog (D:6)
  A necrophage (D:4)
  2 scorpions
  3 killer bees (D:5)
  3 orc priests
  2 hounds (D:5)
  Terence (D:2)
  Crazy Yiuf (D:2)
  Jessica (D:3)
  2 orc wizards
  2 iguanas
  3 gnolls
  6 adders
  5 worms
  3 dart slugs
  11 orcs
  3 endoplasms
  3 giant cockroaches
  7 goblins
  9 hobgoblins
  2 jackals (D:5)
  3 quokkas
  4 ball pythons
  5 bats
  2 frilled lizards
  12 kobolds
  7 rats
107 creatures vanquished.

Vanquished Creatures (collateral kills)
  An orc (D:6)
1 creature vanquished.

Vanquished Creatures (others)
  An adder zombie (D:6)
  2 orc zombies (D:6)
3 creatures vanquished.

Grand Total: 111 creatures vanquished

Notes
Turn   | Place    | Note
-------+----------+-------------------------------------------
     0 | D:1      | kyalle the Minotaur Fighter began the quest for the Orb.
     0 | D:1      | Reached XP level 1. HP: 19/19 MP: 0/0
    76 | D:1      | Found a faded altar of an unknown god.
   184 | D:1      | Reached XP level 2. HP: 26/27 MP: 1/1
   409 | D:1      | Reached skill level 4 in Fighting
   964 | D:2      | Reached XP level 3. HP: 19/33 MP: 2/2
  1279 | D:2      | Found a snail-covered altar of Cheibriados.
  1629 | D:2      | Reached XP level 4. HP: 41/41 MP: 3/3
  1735 | D:2      | Found a runed translucent door.
  1736 | D:2      | Noticed Crazy Yiuf
  1743 | D:2      | Killed Crazy Yiuf
  2030 | D:2      | Noticed Terence
  2037 | D:2      | Killed Terence
  2062 | D:2      | Reached XP level 5. HP: 47/47 MP: 4/4
  2591 | D:3      | Reached skill level 5 in Fighting
  2642 | D:3      | Noticed Jessica
  2644 | D:3      | Killed Jessica
  3602 | D:4      | Found the +2 ratskin cloak {*Rats rPois rN+ Str-1 Int-1
                  | Dex+1}
  3632 | D:4      | Reached skill level 1 in Short Blades
  3632 | D:4      | Reached XP level 6. HP: 50/56 MP: 3/5
  3895 | D:4      | Reached skill level 6 in Fighting
  4057 | D:4      | Reached skill level 5 in Armour
  4057 | D:4      | Reached skill level 5 in Shields
  4057 | D:4      | Reached XP level 7. HP: 28/63 MP: 3/6
  4324 | D:4      | Found Pieja's Distillery.
  4332 | D:4      | Bought a potion of heal wounds for 50 gold pieces
  4332 | D:4      | Bought a potion of berserk rage for 50 gold pieces
  4332 | D:4      | Bought a potion of curing for 30 gold pieces
  4332 | D:4      | Bought a potion of degeneration for 10 gold pieces
  4404 | D:4      | Noticed an angel
  4405 | D:4      | Found a glowing silver altar of Zin.
  4585 | D:5      | Entered Level 5 of the Dungeon
  5033 | D:5      | Found a sparkling altar of Nemelex Xobeh.
  5395 | D:5      | Reached skill level 7 in Fighting
  5543 | D:5      | Found a staircase to the Ecumenical Temple.
  5549 | Temple   | Entered the Ecumenical Temple
  5745 | Temple   | Became a worshipper of Yredelemnul the Dark
  6242 | D:5      | Reached XP level 8. HP: 44/73 MP: 3/7
  6698 | D:6      | Reached * piety under Yredelemnul
  6699 | D:6      | Noticed Maggie
  6716 | D:6      | Killed from afar by Maggie

Illustrated notes

Levels and vault maps discovered:
D:1:      mrwooster_arrival_statue, layout_loops_ring,
          chequers_ecumenical_altar_simple_redux
D:2:      layout_loops_corners, basic_altar, minmay_misc_feat_ornament,
          minmay_increasing_density, uniq_crazy_yiuf_cottage, uniq_terence
D:3:      layout_basic, kennysheep_generic_room_14, uniq_jessica
D:4:      cheibrodos_pilgrimage, layout_basic, zin_angel, serial_shops,
          nicolae_shop_stone
D:5:      layout_loops_corners, lemuel_tele_altar,
          minmay_temple_entry_enclosed_plants
D:6:      layout_layer_cave, serial_bayou_crossing, uniq_maggie
Temple:   dpeg_five_rooms_temple

Skill      XL: |  1  2  3  4  5  6  7 |
---------------+----------------------+-----
Fighting       | 4 5 6 7 |  7.6
Long Blades    | 3 4 |  4.6
Shields        | 4 5 |  5.9
Armour         | 4 5 |  5.8
Short Blades   | 1 2 4 |  4.7

Action                   |  1- 3 |  4- 6 |  7- 9 || total
-------------------------+-------+-------+-------++-------
Melee: Long sword        |    94 |    65 |       ||   159
       Headbutt          |    11 |    20 |    18 ||    49
       Dagger            |       |    69 |   122 ||   191
  Use: Scroll            |     2 |     4 |     3 ||     9
       Potion            |       |     1 |       ||     1
Armor: Scale mail        |    46 |    29 |       ||    75
       Skin              |       |     8 |       ||     8
       Chain mail        |       |       |    51 ||    51
Dodge: Dodged            |    42 |    51 |    27 ||   120
Block: Buckler           |     5 |       |       ||     5
       Kite shield       |    30 |    47 |    53 ||   130

Table legend: (Time is in decaauts)
 A = Elapsed time spent in this place.
 B = Non-inter-level travel time spent in this place.
 C = Inter-level travel time spent in this place.
 D = Time resting spent in this place.
 E = Time spent auto-exploring this place.
 F = Levels seen in this place.
 G = Mean time per level.
                   A        B        C        D        E       F      G
               +--------+--------+--------+--------+--------+-----+--------+
         Total |   6766 |   6449 |    317 |    315 |   4714 |   7 |  966.6 |
       Dungeon |   6443 |   6252 |    191 |    315 |   4550 |   6 | 1073.8 |
        Temple |    323 |    197 |    126 |      0 |    164 |   1 |  323.0 |
               +--------+--------+--------+--------+--------+-----+--------+

Top non-repeatable levels by time:
     D:2: 1499 daAuts
     D:5: 1489 daAuts
     D:4: 1251 daAuts
     D:3: 1007 daAuts
     D:1: 886 daAuts
  Temple: 323 daAuts
     D:6: 309 daAuts
